 Dungeon Crawl Stone Soup version 0.24-a0-504-gcfb02b9 (webtiles) character file.

Game seed: 7018101777223233830

265 sighowe the Gusty (level 5, -1/21 HPs)
             Began as a Felid Air Elementalist on July 17, 2019.
             Slain by Menkaure (10 damage)
             ... on level 4 of the Dungeon.
             The game lasted 00:19:17 (6065 turns).

sighowe the Gusty (Felid Air Elementalist)          Turns: 6065, Time: 00:19:17

Health: -1/21      AC:  2    Str:  4    XL:     5   Next: 99%
Magic:  0/11       EV: 18    Int: 19    God:
Gold:   208        SH:  0    Dex: 16    Spells: 0/10 levels left
                                        Lives:  0   Deaths: 1

rFire    x . .     SeeInvis +     - Unarmed
rCold    + . .     Gourm    .   (shield unavailable)
rNeg     . . .     Faith    .   (armour unavailable)
rPois    .         Spirit   +   (helmet unavailable)
rElec    .         Reflect  .   (cloak unavailable)
rCorr    .         Harm     .   (gloves unavailable)
MR       +....                  (boots unavailable)
Stlth    +++.......             h - amulet of guardian spirit
HPRegen  0.07/turn              g - ring of ice
MPRegen  0.12/turn              i - ring of protection from magic

@: quick
A: very small, no armour, no weapons or thrown items, stealth, claws 1, fangs 3,
see invisible, carnivore, speed 1, shaggy fur 2, slow metabolism 1, sharp paws
a: no special abilities


You were on level 4 of the Dungeon.
You were very full.

You visited 1 branch of the dungeon, and saw 4 of its levels.
You also visited: Ossuary.

You collected 208 gold pieces.

Inventory:

Armour
 c - a +1 cloak
Jewellery
 g - a ring of ice (left paw)
 h - an amulet of guardian spirit (around neck)
 i - a ring of protection from magic (right paw)
Scrolls
 d - 3 scrolls of amnesia
 e - a scroll of enchant weapon {unknown}
 f - 2 scrolls of identify
 j - 3 scrolls of teleportation
Potions
 a - 3 potions of flight
 k - a potion of cancellation {unknown}
Comestibles
 b - 9 rations


   Skills:
 + Level 0.3 Fighting
 + Level 3.3 Dodging
 + Level 3.1 Stealth
 + Level 1.7 Unarmed Combat
 + Level 3.3 Spellcasting
 + Level 2.7 Conjurations
 + Level 4.7 Air Magic


You couldn't memorise any spells.
You knew the following spells:

 Your Spells              Type           Power        Failure   Level  Hunger
a - Shock                 Conj/Air       ###.         3%          1    None
b - Swiftness             Chrm/Air       ##......     9%          2    ##.....
c - Static Discharge      Conj/Air       ###.....     10%         3    ###....
d - Airstrike             Air            ###.......   21%         4    ####...

Your spell library contained the following spells:

 Spells                   Type           Power        Failure   Level  Hunger
 Lightning Bolt           Conj/Air       ###.......   65%         5    ######.


Dungeon Overview and Level Annotations

Branches:
Dungeon (4/15)             Temple (0/1) D:4

Altars:
Ashenzari
Dithmenos
Fedhas
Nemelex Xobeh

Annotations:
D:4 Blork the orc, Menkaure


Innate Abilities, Weirdness & Mutations

You cannot wear armour.
You are incapable of wielding weapons or throwing items.
Your paws allow you to move quietly. (Stealth)
You have sharp claws.
You have razor-sharp teeth.
You have supernaturally acute eyesight. (SInv)
You are carnivorous and can eat meat at any time.
You cover ground quickly.
You are covered in thick fur. (AC +2)
You have a slow metabolism.
Your sharp claws are effective at attacking unaware monsters.


Message History

Casting: Shock (safe; 3% risk of failure)
Confirm with . or Enter, or press ? or * to list all spells.
Aiming: Shock (safe; 3% risk of failure)
Press: ? - help, Shift-Dir - straight line, f/p - Menkaure
Aim: Menkaure (heavily damaged, fast)
The zap hits Menkaure.
Menkaure is heavily damaged.
Casting: Shock (safe; 3% risk of failure)
Confirm with . or Enter, or press ? or * to list all spells.
Aiming: Shock (safe; 3% risk of failure)
Press: ? - help, Shift-Dir - straight line, f/p - Menkaure
Aim: Menkaure (heavily damaged, fast)
The zap hits Menkaure.
Menkaure is severely damaged.
Menkaure calls on the powers of darkness!
Your body is wracked with pain!
Menkaure calls on the powers of darkness!
Your body is wracked with pain!
Menkaure hits you!
You die...

.................
..................
..................
...................
#..................
#..........#
#.........##
#......M...#
######....@....##
................#
..........##....#
...........###...#
..###.....# ##...
###...## #...
#....# ... ##...##
# #....##


You could see Menkaure.

Vanquished Creatures
  A scorpion (D:4)
  A howler monkey (D:4)
  Crazy Yiuf (D:2)
  2 worker ants (D:4)
  2 iguanas (D:4)
  A mummy (D:4)
  A worker ant zombie (D:2)
  Robin (D:2)
  A howler monkey skeleton (D:4)
  2 adders
  2 oozes
  2 worms
  3 dart slugs
  5 leopard geckos
  An orc (D:2)
  7 bats
  4 giant cockroaches
  14 goblins
  9 hobgoblins
  10 jackals
  A quokka (D:4)
  2 ball pythons
  7 frilled lizards
  A goblin zombie (D:4)
  A jackal skeleton (D:4)
  9 kobolds
  A kobold zombie (D:4)
  3 orc skeletons (Ossuary)
  11 rats
106 creatures vanquished.

Notes
Turn   | Place    | Note
-------+----------+-------------------------------------------
     0 | D:1      | sighowe the Felid Air Elementalist began the quest for the
                  | Orb.
     0 | D:1      | Reached XP level 1. HP: 7/7 MP: 4/4
   102 | D:1      | Reached skill level 3 in Air Magic
   167 | D:1      | Reached XP level 2. HP: 4/11 MP: 0/6
   589 | D:1      | Learned a level 2 spell: Swiftness
   682 | D:1      | Reached skill level 1 in Conjurations
   940 | D:1      | Reached XP level 3. HP: 14/14 MP: 4/7
  2215 | D:2      | Reached XP level 4. HP: 18/18 MP: 1/8
  2220 | D:2      | Learned a level 3 spell: Static Discharge
  3210 | D:2      | Found a runed translucent door.
  3211 | D:2      | Noticed Crazy Yiuf
  3346 | D:2      | Noticed Robin
  3378 | D:2      | Killed Robin
  3741 | D:2      | Killed Crazy Yiuf
  3741 | D:2      | Reached skill level 1 in Unarmed Combat
  3741 | D:2      | Reached skill level 4 in Air Magic
  3741 | D:2      | Reached XP level 5. HP: 13/21 MP: 1/9
  3981 | D:3      | Found a blossoming altar of Fedhas.
  4399 | D:3      | Found a sparkling altar of Nemelex Xobeh.
  4920 | D:4      | Found a staircase to the Ecumenical Temple.
  4976 | D:4      | Found a shadowy altar of Dithmenos.
  4976 | D:4      | Found a shattered altar of Ashenzari.
  5091 | D:4      | Gained mutation: You are covered in thick fur. (AC +2)
                  | [Felid growth]
  5091 | D:4      | Reached XP level 6. HP: 18/24 MP: 2/11
  5099 | D:4      | Noticed Blork the orc
  5112 | D:4      | Found a sand-covered staircase.
  5122 | Ossuary  | Entered an ossuary
  5122 | Ossuary  | Noticed a wraith
  5122 | Ossuary  | Noticed a wraith
  5122 | Ossuary  | Noticed a wraith
  5225 | Ossuary  | Noticed a wraith
  5398 | Ossuary  | Slain by a wraith
  5399 | Ossuary  | Reached XP level 5. HP: -2/21 MP: 0/10
  5800 | D:4      | Learned a level 4 spell: Airstrike
  5893 | D:4      | Noticed Menkaure
  6065 | D:4      | Slain by Menkaure

Levels and vault maps discovered:
D:1:      dpeg_arrival_rhombi, layout_loops_ring, minmay_vboxes
D:2:      layout_basic, feat_on_display, uniq_robin, uniq_crazy_yiuf_cottage
D:3:      layout_loops_ring, lemuel_doored_altar, lemuel_round_altar,
          first_ration
D:4:      layout_layer_cave, gammafunk_temple_overflow_elements, temple_pool_b,
          nicolae_ossuary_entry_giza, uniq_menkaure, uniq_blork_the_orc

Skill      XL: |  1  2  3  4  5  6 |
---------------+-------------------+-----
Air Magic      | 3 4 |  4.7
Conjurations   | 1 2 |  2.7
Dodging        | 3 |  3.3
Stealth        | 3 |  3.1
Unarmed Combat | 1 |  1.7
Spellcasting   | 3 |  3.3
Fighting       | |  0.3

Action                   |  1- 3 |  4- 6 || total
-------------------------+-------+-------++-------
Melee: Unarmed           |    31 |    68 ||    99
       Bite              |     4 |     6 ||    10
 Cast: Shock             |   100 |   158 ||   258
       Swiftness         |     1 |       ||     1
       Static Discharge  |       |     5 ||     5
       Airstrike         |       |     1 ||     1
  Use: Scroll            |     1 |     6 ||     7
       Potion            |     1 |     4 ||     5
  Eat: Chunk             |     2 |     5 ||     7
       Ration            |       |     4 ||     4
Armor: Skin              |     9 |     9 ||    18
Dodge: Dodged            |    56 |    87 ||   143

Table legend:
 A = Non-vault XP
 B = Vault XP
 C = Vault XP percentage of total XP
 D = Non-vault monster count
 E = Vault monster count
 F = Vault count percentage of total count
                 A         B        C        D         E       F
            +---------+---------+-------+---------+---------+-------
      Total |     465 |     110 |  19.1 |      83 |      23 |  21.7
            +---------+---------+-------+---------+---------+-------
        D:1 |      52 |      15 |  22.4 |      32 |       7 |  17.9
        D:2 |      68 |      72 |  51.4 |      21 |      10 |  32.3
        D:3 |      36 |       0 |   0.0 |      17 |       0 |   0.0
        D:4 |     309 |      20 |   6.1 |      13 |       3 |  18.8
    Ossuary |       0 |       3 | 100.0 |       0 |       3 | 100.0
            +---------+---------+-------+---------+---------+-------
